 Dungeon Crawl Stone Soup version 0.29.1-1-gd02db6906a (webtiles) character file.

Game seed: 16117102129126392007

119 styxcanada the Covered (level 4, 0/41 HPs)
             Began as a Minotaur Fighter on Oct 19, 2022.
             Succumbed to Terence's poison
             ... on level 3 of the Dungeon.
             The game lasted 00:05:15 (1584 turns).

styxcanada the Covered (Minotaur Fighter)           Turns: 1584, Time: 00:05:15

Health: 0/41       AC: 11    Str: 20 (23) XL:     4   Next: 74%
Magic:  3/3        EV:  7    Int:  2 (5)  God:
Gold:   111        SH:  4    Dex:  6 (9)  Spells: 3/3 levels left

rFire   . . .      SeeInvis .   a - +0 war axe
rCold   . . .      Faith    .   c - +0 buckler
rNeg    . . .      Spirit   .   p - +0 chain mail
rPois   .          Reflect  .   (helmet restricted)
rElec   .          Harm     .   (no cloak)
rCorr   .          Rampage  .   k - +0 pair of gloves
Will    .....                   (no boots)
Stlth   ..........              (no amulet)
HPRegen 0.13/turn               (no ring)
MPRegen 0.08/turn               (no ring)

@: mighty, lethally poisoned (0 -> -5)
A: horns 2, retaliatory headbutt
a: no special abilities


You were on level 3 of the Dungeon.
You visited 1 branch of the dungeon, and saw 3 of its levels.

You collected 111 gold pieces.

Inventory:

Hand Weapons
 a - a +0 war axe (weapon)
Missiles
 e - 11 stones (quivered)
Armour
 c - a +0 buckler (worn)
 k - a +0 pair of gloves (worn)
 p - a +0 chain mail (worn)
Scrolls
 b - a scroll of noise {unknown}
 g - 3 scrolls of identify {unknown}
 h - a scroll of amnesia {unknown}
 j - a scroll of enchant weapon {unknown}
 m - a scroll of immolation {unknown}
 n - a scroll of vulnerability {unknown}
 q - a scroll of teleportation {unknown}
Potions
 f - 2 potions of degeneration
 i - a potion of magic {unknown}
 l - 2 potions of lignification {unknown}
 o - 3 potions of curing {unknown}


   Skills:
 * Level 4.5 Fighting
 + Level 3.8 Axes
 * Level 4.9 Armour
 + Level 0.1 Dodging
 + Level 4.0 Shields


You had 3 spell levels left.
You didn't know any spells.
Your spell library contained the following spells:

 Spells                   Type           Power      Damage    Failure   Level
 Necrotise                Necr           0%         1d4       100%        1
 Sting                    Tmut/Pois      0%         1d3       100%        1
 Poisonous Vapours        Pois/Air       0%         N/A       100%        2
 Vampiric Draining        Necr           0%         2d6       100%        3
 Olgreb's Toxic Radiance  Pois           0%         N/A       100%        4
 Agony                    Necr           0%         N/A       100%        5


Dungeon Overview and Level Annotations

Branches:
Dungeon (3/15)

Altars:


Innate Abilities, Weirdness & Mutations

You have a pair of horns on your head.
You reflexively headbutt those who attack you in melee.


Message History

Terence is almost dead.
You barely miss the orc.
You feel very sick.
Terence hits you with a +2 trident of venom.
You are more poisoned.
The orc hits you with a +0 short sword. The orc hits you but does no damage.
Terence hits you with a +2 trident of venom.
You feel very mighty all of a sudden.
You feel very sick. Terence barely misses you.
You closely miss Terence.
Terence is almost dead.
You hit the orc.
You feel very sick. Terence hits you but does no damage.
You are lethally poisoned!
You block the orc's attack.
You slash Terence!
You kill Terence!
You hit the orc. You closely miss the orc.
* * * LOW HITPOINT WARNING * * *
You feel very sick. The orc hits you but does no damage.
You block the orc's attack.
Your Shields skill increases to level 4!
You slash the orc!
You kill the orc!
You slash the orc!
You kill the orc!
You slash the orc!
You kill the orc!
* * * LOW HITPOINT WARNING * * *
You feel very sick.
* * * LOW HITPOINT WARNING * * *
You feel sick.
* * * LOW HITPOINT WARNING * * *
You feel sick.
It was a potion of degeneration.
There was something very wrong with that liquid.
You feel weakened.
You feel dopey.
You feel clumsy.
You die...

#.##.##.. ........
###...... .#
#.#?#...
...##.#.##.#
#......#..# #
..####...#..##.#.#.#
........>.†.@.......
.####.<#).###.#.#..
#..#))# # .........
#.##.##.###
........$.
.##.#####.## . # #$.
#.#


There were no monsters in sight!

Vanquished Creatures
  Terence (D:3)
  4 adders (D:2)
  2 worms (D:2)
  2 dart slugs (D:1)
  3 orcs (D:3)
  4 endoplasms
  4 hobgoblins
  2 kobolds (D:1)
  2 quokkas (D:1)
  4 ball pythons
  4 bats
  6 frilled lizards
  7 goblins
  A rat (D:2)
46 creatures vanquished.

Notes
Turn   | Place    | Note
-------+----------+-------------------------------------------
     0 | D:1      | styxcanada the Minotaur Fighter began the quest for the
                  | Orb.
     0 | D:1      | Reached XP level 1. HP: 19/19 MP: 0/0
   153 | D:1      | Reached XP level 2. HP: 27/27 MP: 1/1
   361 | D:1      | Found a faded altar of an unknown god.
   723 | D:2      | Reached XP level 3. HP: 33/33 MP: 2/2
  1417 | D:2      | Reached XP level 4. HP: 41/41 MP: 3/3
  1572 | D:3      | Noticed Terence
  1580 | D:3      | Killed Terence
  1583 | D:3      | HP: 1/41 [poisoned by Terence]
  1584 | D:3      | Succumbed to Terence's poison

Illustrated notes

Levels and vault maps discovered:
D:1:      dpeg_arrival_signposts, layout_rooms,
          hellmonk_ecumenical_altar_heavens_door, serial_glass, glass_columns_a,
          glass_columns_a, glass_columns_c, glass_columns_a,
          minmay_strange_pillars, minmay_strange_pillars, item_on_display_a
D:2:      layout_loops_ring, solitary_fountain, minmay_misc_feat_plants
D:3:      layout_basic, good_gods_temple_1, item_on_display_b, uniq_natasha,
          uniq_ijyb, uniq_terence

Skill      XL: |  1  2  3  4 |
---------------+-------------+-----
Armour         | 4 |  4.9
Fighting       | 4 |  4.5
Axes           | 3 |  3.8
Shields        | 4 |  4.0
Dodging        | |  0.1

Action                   |  1- 3 |  4- 6 || total
-------------------------+-------+-------++-------
Melee: War axe           |    75 |    13 ||    88
       Headbutt          |     9 |     4 ||    13
  Use: Potion            |       |     2 ||     2
Armor: Scale mail        |    29 |       ||    29
       Chain mail        |     9 |    11 ||    20
Dodge: Dodged            |    23 |    10 ||    33
Block: Buckler           |    11 |    10 ||    21
